 Dungeon Crawl Stone Soup version 0.21.0 (webtiles) character file.

1832712 inmateoo the Imperceptible (level 27, 225/225 HPs)
             Began as a Vine Stalker Skald on Jan 6, 2018.
             Was an Initiate of Gozag.
             Escaped with the Orb
             ... and 3 runes!
             The game lasted 02:24:12 (63799 turns).

inmateoo the Imperceptible (Vine Stalker Skald)    Turns: 63799, Time: 02:24:13

Health: 225/225    AC: 22    Str: 25    XL:     27
Magic:  31/39      EV: 27    Int: 18    God:    Gozag
Gold:   6029       SH: 22    Dex: 30    Spells: 22/49 levels left

rFire    + + +     SeeInvis +   v - +8 trident "Xuimixea" {elec, rPois rN+ Str-4}
rCold    + + .     Gourm    .   n - +1 large shield {reflect}
rNeg     + + .     Faith    .   S - +5 chain mail of Brilliance {rElec Str+4 SInv Stlth-}
rPois    +         Spirit   +   O - +0 mask of the Dragon {MR+ Slay+3 SInv}
rElec    +         Reflect  +   Y - scarf {rC+ rF+}
rCorr    +         Harm     .   V - +0 pair of fencer's gloves {+Riposte Dex+3}
MR       +++++     Clarity  +   H - +2 pair of boots of the Assassin {Detection Stab+ Stlth++}
Stlth    ..........             J - amulet of the Four Winds {rN+ MR+++ Clar}
HPRegen  2.27/turn              c - ring "Ziynumoch" {rF+ EV+2}
MPRegen  0.26/turn              E - ring "Tooruy" {+Inv MR+ Dex+3 SInv}

@: mighty, brilliant, agile, berserking, swift, resistant, shrouded, singing,
very slightly contaminated, regenerating, hasted, invisible, very quick
A: fangs 3, regeneration 2, weak 1, magic shield, antimagic bite, no potion heal
3, rot immunity
0: Orb of Zot
}: 3/15 runes: serpentine, barnacled, silver
a: Potion Petition, Call Merchant, Bribe Branch, Renounce Religion


You escaped.
You worshipped Gozag.
Gozag was greatly pleased with you.
You were not hungry.

You visited 10 branches of the dungeon, and saw 52 of its levels.
You also visited: Ice Cave, Volcano and Desolation.

You collected 33820 gold pieces.
You spent 9072 gold pieces at shops.
You paid 18719 gold pieces to Gozag.

Inventory:

Hand Weapons
 v - the +8 trident "Xuimixea" (weapon) {elec, rPois rN+ Str-4}
   (You found it on level 5 of the Dungeon)

   Occasionally, upon striking a foe, it will discharge some electrical energy
   and cause terrible harm.
   It affects your strength (-4).
   It protects you from poison.
   It protects you from negative energy.
 K - a +9 demon trident of freezing
Armour
 n - a +1 large shield of reflection (worn)
 H - the +2 pair of boots of the Assassin (worn) {Detection Stab+ Stlth++}
   (You bought it in a shop on level 5 of the Lair of Beasts)

   It makes you much more stealthy.
 L - the +2 cloak of the Thief {+Fog Slay-2 SInv Stlth+}
   (You acquired it on level 4 of the Vaults)

   It affects your accuracy and damage with ranged weapons and melee attacks
   (-2).
   It lets you see invisible.
   It makes you more stealthy.
 O - the +0 mask of the Dragon (worn) {MR+ Slay+3 SInv}
   (You found it on level 5 of the Vaults)

   It affects your accuracy and damage with ranged weapons and melee attacks
   (+3).
   It affects your resistance to hostile enchantments.
   It lets you see invisible.
 S - the +5 chain mail of Brilliance (worn) {rElec Str+4 SInv Stlth-}
   (You bought it in a shop on level 5 of the Lair of Beasts)

   It affects your strength (+4).
   It insulates you from electricity.
   It lets you see invisible.
   It makes you less stealthy.
 V - the +0 pair of fencer's gloves (worn) {+Riposte Dex+3}
   (You bought it in a shop on level 3 of the Snake Pit)

   It affects your dexterity (+3).
 Y - a scarf of resistance (worn)
Jewellery
 c - the ring "Ziynumoch" (left hand) {rF+ EV+2}
   (You bought it in a shop on level 15 of the Dungeon)

   [ring of evasion]

   It affects your evasion (+2).
   It protects you from fire.
 k - the ring of the First Orbs {rCorr Dex+5}
   (You found it on level 5 of the Vaults)

   [ring of resist corrosion]

   It affects your dexterity (+5).
 t - an uncursed ring of protection from fire
 E - the ring "Tooruy" (right hand) {+Inv MR+ Dex+3 SInv}
   (You found it in the Desolation of Salt)

   [ring of protection from magic]

   It affects your dexterity (+3).
   It affects your resistance to hostile enchantments.
   It lets you see invisible.
   It lets you turn invisible.
 F - the ring "Teerrunn" {Wiz rC+ Dex+5}
   (You bought it in a shop on level 15 of the Dungeon)

   [ring of wizardry]

   It improves your spell success rate.
   It affects your dexterity (+5).
   It protects you from cold.
 J - the amulet of the Four Winds (around neck) {rN+ MR+++ Clar}
   (You bought it in a shop on level 4 of the Vaults)

   [amulet of nothing]

   It protects you from negative energy.
   It affects your resistance to hostile enchantments.
   It protects you against confusion.
 N - the ring "Noll" {+Blink rF+ MP+9 Int+4}
   (You found it in the Desolation of Salt)

   [ring of magical power]

   It affects your intelligence (+4).
   It protects you from fire.
   It affects your magic capacity (+9).
   It lets you blink.
 R - an uncursed ring of poison resistance
 U - an uncursed ring of positive energy
Wands
 g - a wand of clouds (8)
 h - a wand of digging (61)
 x - a wand of acid (9)
 y - a wand of paralysis (35)
 C - a wand of disintegration (64)
 I - a wand of polymorph (48)
 X - a wand of iceblast (27)
Scrolls
 a - 5 scrolls of fear
 b - 23 scrolls of teleportation
 l - 11 scrolls of enchant armour
 q - 4 scrolls of blinking
 r - 16 scrolls of remove curse
 w - a scroll of amnesia
 M - 4 scrolls of fog
 Q - 2 scrolls of summoning
 T - 23 scrolls of identify
 W - 2 scrolls of holy word
Potions
 e - 25 potions of curing
 f - 9 potions of might
 i - 5 potions of agility
 j - 11 potions of lignification
 m - 6 potions of mutation
 o - 3 potions of berserk rage
 s - 5 potions of brilliance
 u - 20 potions of flight
 z - 6 potions of magic
 A - 13 potions of haste
 B - 9 potions of ambrosia
 D - 2 potions of cancellation
 G - a potion of invisibility
 P - 4 potions of resistance
Miscellaneous
 p - a phial of floods
Comestibles
 d - 31 rations


   Skills:
 + Level 17.2 Fighting
   Level 6.9 Long Blades
 * Level 24.2 Polearms
 + Level 12.6 Armour
 + Level 14.8 Dodging
 * Level 25.0 Stealth
 + Level 13.6 Shields
 - Level 11.9 Spellcasting
 - Level 10.2 Hexes
 - Level 12.1 Charms
 - Level 11.3 Necromancy
 - Level 10.3 Evocations


You had 22 spell levels left.
You knew the following spells:

 Your Spells              Type           Power        Failure   Level  Hunger
a - Regeneration          Chrm/Necr      ######....   1%          3    None
b - Passage of Golubria   Tloc           N/A          69%         4    ##.....
c - Spectral Weapon       Hex/Chrm       ######..     1%          3    None
d - Shroud of Golubria    Chrm/Tloc      #####.....   1%          2    None
e - Song of Slaying       Chrm           ######..     1%          2    None
f - Apportation           Tloc           ###...       13%         1    None
g - Blink                 Tloc           N/A          19%         2    None
h - Passwall              Tmut/Erth      ###.......   19%         2    None
i - Swiftness             Chrm/Air       #####...     1%          2    None
j - Statue Form           Tmut/Erth      ###......    100%        6    ######.


Dungeon Overview and Level Annotations

Branches:
Dungeon (15/15)            Temple (0/1) D:4            Lair (6/6) D:8
 Shoals (4/4) Lair:2        Snake (4/4) Lair:4        Slime (0/5) Lair:6
    Orc (2/2) D:9             Elf (3/3) Orc:2        Vaults (5/5) D:13
  Crypt (3/3) Vaults:3       Tomb (0/3) Crypt:3      Depths (5/5) D:15
    Zot (5/5) Depths:5

Altars:
Ashenzari
Dithmenos
Elyvilon
Gozag
Hepliaklqana
Kikubaaqudgha
Makhleb
Nemelex Xobeh
Qazlal
Ru
Trog
Vehumet
Wu Jian
Xom
Yredelemnul
Zin
Beogh
Jiyva

Shops:
D:6 (   D:7 *   D:12 *   D:13 ?   D:15 [[=   Orc:2 ((*%[[   Lair:4 [
Lair:5 [*   Shoals:4 ?   Snake:3 :[%(*   Vaults:1 (   Vaults:2 =
Vaults:4 (?=!**   Vaults:5 !%!!   Depths:1 }   Depths:2 ==}=   Depths:4 *

Portals:
Hell: Depths:1 Depths:2 Depths:3 Depths:4 Depths:5
Abyss: Depths:3 Depths:4 Depths:5
Pandemonium: Depths:2 Depths:3 Depths:5
Ziggurat: Depths:4

Annotations:
Shoals:1 Josephine
Elf:2 3 runed doors


Innate Abilities, Weirdness & Mutations

You have razor-sharp teeth.
You heal very quickly.
When hurt, damage is shared between your health and your magic reserves.
Your bite disrupts and absorbs the magic of your enemies.
Potions cannot restore your health.
You are immune to rotting.
You are weak. (Str -2)


Message History

Casting: Regeneration
Confirm with . or Enter, or press ? or * to list all spells.
You start singing a song of slaying.
Casting: Song of Slaying
Confirm with . or Enter, or press ? or * to list all spells.
Space distorts slightly along a thin shroud covering your body.
Casting: Shroud of Golubria
Confirm with . or Enter, or press ? or * to list all spells.
You feel quick.
Casting: Swiftness
Confirm with . or Enter, or press ? or * to list all spells.
Okay, then.
Casting: Swiftness
Confirm with . or Enter, or press ? or * to list all spells.
Okay, then.
A red film seems to cover your vision as you go berserk!
You feel yourself moving faster!
You feel mighty!
Unknown command.
You feel a strong urge to attack something.
You have escaped!

..).#.###..##..#####..†.#
#.# ............#..#
####.#### #.#
........#...#..#
#.†..###.#
............#..#
####...†.#
...............# #.#####
...............# #.#
###.....#...######
####.####
################.#
#.......#
................@#
#.##.##.#
##############.###
#†##.##.#
.................#
#.##..#.#
############.###.#
#.##..#.##
.................#
#........#
##########.#######
#........# # #.##
##.#..##.# # #.#
#.#..##.# # #.#
#########.#.###.#


There were no monsters in sight!

Vanquished Creatures
  2 ancient liches (Zot:5)
  3 orbs of fire
  A juggernaut (Depths:5)
  Mara (Elf:3)
  8 Killer Klowns
  Nikola (Elf:3)
  6 caustic shrikes
  14 golden dragons
  Jory (Crypt:2)
  A Tzitzimitl (Zot:3)
  5 electric golems
  Jorgrun (Vaults:5)
  2 Brimstone Fiends
  6 liches
  14 tentacled monstrosities
  22 Orb Guardians
  4 deep elf blademasters (Elf:3)
  Asterion (Vaults:1)
  8 quicksilver dragons
  An acid blob (Zot:3)
  2 deep elf master archers (Elf:3)
  15 titans
  3 sphinxes
  5 death cobs
  2 ancient champions
  Frances (D:14)
  Gastronok (D:9)
  A storm dragon (shapeshifter) (Depths:5)
  7 tengu reavers
  8 draconian monks
  7 shadow dragons
  Kirke (Shoals:1)
  21 storm dragons
  Ilsuiw (Shoals:4)
  5 draconian knights
  2 revenants
  12 frost giants
  An iron dragon (Depths:4)
  13 deep elf sorcerers
  17 fire giants
  7 nagarajas (Snake:4)
  A ghost moth (Zot:2)
  A ghost moth (shapeshifter) (Zot:3)
  12 draconian scorchers
  2 cacodemons
  4 balrugs
  3 imperial myrmidons (Desolation)
  Louise (Shoals:1)
  13 vault wardens
  A caustic shrike zombie (Depths:2)
  4 curse skulls
  A draconian stormcaller (Zot:5)
  5 draconian shifters
  9 deep elf elementalists
  A reaper (Crypt:2)
  5 spriggan defenders
  6 ghouls
  2 war gargoyles (Vaults:5)
  6 draconian annihilators
  19 stone giants
  19 ironheart preservers
  15 very ugly things
  An entropy weaver (Vaults:3)
  16 vampire knights
  9 green draconians
  A black draconian (shapeshifter) (Zot:3)
  A stone giant (shapeshifter) (Depths:5)
  7 deep elf demonologists
  5 black draconians
  Nessos (D:15)
  10 yellow draconians
  12 deep elf annihilators
  5 red draconians
  2 white draconians (shapeshifter) (Zot:3)
  2 dire elephants
  9 purple draconians
  12 white draconians
  2 yellow draconians (shapeshifter) (Zot:3)
  Snorg (Lair:6)
  6 spark wasps
  A dire elephant (shapeshifter) (Zot:3)
  11 ettins
  7 eidola
  A crystal guardian (Desolation)
  10 deep elf death magi
  3 merfolk javelineers (Shoals:4)
  3 ragged hierophants (Desolation)
  7 jiangshi (Crypt:3)
  14 yaktaur captains
  7 merfolk impalers
  5 deep elf high priests
  13 fire dragons
  15 naga warriors
  8 great orbs of eyes
  3 rakshasas
  16 ice dragons
  12 ogre magi
  19 vault guards
  8 servants of whispers (Desolation)
  2 hydras
  8 peacekeepers
  A spriggan air mage (Depths:4)
  5 alligator snapping turtles
  5 anacondas
  2 merfolk aquamancers (Shoals:4)
  45 two-headed ogres
  17 centaur warriors
  6 death knights
  8 deep troll earth magi
  3 satyrs
  A hell hog (Volcano)
  7 tengu warriors
  9 deep troll shamans
  6 merfolk avatars
  10 vampire magi
  2 orc high priests
  6 spriggan berserkers
  18 hell knights
  23 naga sharpshooters
  2 sun demons (Depths:3)
  2 shock serpents
  A soul eater (D:9)
  2 storm dragon zombies
  23 deep elf knights
  4 salamander mystics
  Sonja (D:10)
  2 sixfirhies
  A fire crab (Volcano)
  5 shadow wraiths
  37 skeletal warriors
  A fire crab (shapeshifter) (D:15)
  6 unseen horrors
  11 sea snakes
  An anaconda zombie (Crypt:3)
  An unseen horror (shapeshifter) (Vaults:3)
  4 glowing orange brains
  A gelid demonspawn (Zot:3)
  18 deep trolls
  A shadow demon (D:9)
  2 wizards
  8 naga ritualists
  28 phantasmal warriors
  An anaconda skeleton (Crypt:2)
  8 flayed ghosts
  8 necromancers
  17 deep elf archers
  A lindwurm (shapeshifter) (Vaults:5)
  33 harpies
  25 ironbrand convokers
  4 lindwurms
  60 deep elf magi
  16 mana vipers
  Pikel (D:7)
  4 orc sorcerers
  11 orc knights
  An iron dragon zombie (Crypt:3)
  A harpy (shapeshifter) (Elf:2)
  5 orb spiders (Zot:3)
  A wolf spider zombie (Crypt:3)
  5 wolf spiders
  10 manticores
  25 fauns
  2 frost giant zombies (Crypt:3)
  A tengu skeleton (Depths:2)
  37 ugly things
  11 cyclopes
  A shining eye (shapeshifter) (Vaults:5)
  9 merfolk sirens
  19 moths of wrath
  9 elephants
  9 apocalypse crabs (Depths:3)
  3 frost giant skeletons
  13 salamanders
  22 naga magi
  An orange demon (Zot:2)
  A rust devil (Depths:5)
  42 black mambas
  3 gargoyles
  5 guardian serpents
  2 centaur zombies
  11 spiny frogs
  8 water nymphs
  A molten gargoyle (Desolation)
  An emperor scorpion zombie (Crypt:3)
  A torpor snail (Lair:6)
  A green draconian zombie (Crypt:2)
  A rime drake (shapeshifter) (Elf:2)
  52 yaktaurs
  8 vault sentinels
  A komodo dragon (shapeshifter) (Vaults:3)
  A red draconian zombie (Crypt:2)
  A dire elephant skeleton (Crypt:1)
  4 komodo dragons
  4 rime drakes
  2 yaktaur zombies (Vaults:4)
  5 harpy zombies
  5 human skeletons
  A catoblepas skeleton (Crypt:3)
  A hellwing (Depths:5)
  A troll (shapeshifter) (Vaults:3)
  23 merfolk
  5 trolls
  7 freezing wraiths
  A spriggan skeleton (Depths:2)
  3 tengu conjurers
  A grey draconian skeleton (Crypt:3)
  A purple draconian skeleton (Crypt:1)
  A queen ant zombie (Crypt:3)
  An iron troll skeleton (Crypt:3)
  2 jumping spiders (shapeshifter)
  6 polar bears
  A wind drake (shapeshifter) (Depths:1)
  8 wind drakes
  2 tarantella zombies
  A slime creature (shapeshifter) (Vaults:5)
  52 saltlings (Desolation)
  6 hornets
  A hydra skeleton (Crypt:2)
  A raiju (Zot:3)
  4 human simulacra
  A jumping spider zombie (Crypt:3)
  3 dream sheep (Shoals:2)
  35 slime creatures
  4 blink frogs (Lair:1)
  2 minotaur skeletons (Crypt:1)
  14 hippogriffs
  8 snapping turtles
  3 dream sheep (shapeshifter)
  2 ettin zombies (Crypt:3)
  A fire giant simulacrum (Vaults:4)
  A fire dragon skeleton (Crypt:1)
  Sigmund (D:5)
  2 snapping turtles (shapeshifter)
  A redback (shapeshifter) (Depths:5)
  3 flying skulls (Crypt:1)
  10 water elementals
  A vampire (D:13)
  A ynoxinul (Zot:2)
  4 redbacks (Vaults:3)
  2 spriggans (Depths:2)
  18 wraiths
  A spriggan (shapeshifter) (Depths:3)
  A tarantella (shapeshifter) (D:15)
  A wyvern (shapeshifter) (Vaults:4)
  30 yaks
  5 shadows
  5 wyverns
  23 humans
  A yak (shapeshifter) (Vaults:2)
  5 fire bats (Volcano)
  3 basilisks
  5 chaos spawn
  A hog (Shoals:1)
  A basilisk (shapeshifter) (Vaults:1)
  A hungry ghost (D:10)
  A steam dragon (Volcano)
  A vampire mosquito (D:15)
  5 wargs
  A merfolk zombie (Crypt:1)
  69 nagas
  A soldier ant (shapeshifter) (Elf:3)
  2 acid dragons
  A hell hound (Volcano)
  24 water moccasins
  A floating eye (Depths:5)
  42 orc warriors
  8 porcupines
  6 large abominations
  A floating eye (shapeshifter) (Vaults:2)
  4 sky beasts
  8 ice beasts
  2 black bears
  2 slaves (D:7)
  A snapping turtle zombie (Crypt:3)
  2 lindwurm zombies (Crypt:2)
  2 phantoms
  A swamp drake (shapeshifter) (Vaults:1)
  An eye of draining (shapeshifter) (Vaults:4)
  A manticore zombie (Crypt:1)
  16 boggarts
  29 ogres
  39 centaurs
  6 necrophages
  11 wolves
  A crocodile (shapeshifter) (Depths:5)
  An elf skeleton (Vaults:4)
  26 crocodiles
  4 big kobolds
  3 elf zombies
  14 bullfrogs
  A glowing shapeshifter simulacrum (Vaults:4)
  A gnoll sergeant (D:9)
  An earth elemental (Elf:3)
  3 wyvern skeletons (D:12)
  3 scorpions
  4 killer bees (D:10)
  20 wights
  4 small abominations (Depths:4)
  A troll skeleton (Crypt:1)
  4 howler monkeys
  7 electric eels
  9 crimson imps
  3 bullfrog zombies
  5 hounds
  A human zombie (Crypt:1)
  7 jellies
  3 quasits
  31 orc priests
  2 bullfrog skeletons
  4 iguanas
  33 orc wizards
  9 worker ants
  A killer bee zombie (D:7)
  A dwarf zombie (Crypt:2)
  An ogre zombie (Crypt:1)
  A demigod skeleton (Crypt:2)
  A hound zombie (D:11)
  A hound skeleton (D:9)
  A howler monkey zombie (Crypt:1)
  14 adders
  7 gnolls
  5 shadow imps
  12 white imps (Lair:4)
  A worm zombie (Crypt:3)
  An adder skeleton (D:5)
  2 worms (D:2)
  A dart slug (D:1)
  4 leopard geckos
  107 orcs
  5 bats
  2 giant cockroaches
  10 hobgoblins
  7 jackals
  26 kobolds
  4 quokkas
  2 ball pythons (Lair:4)
  6 frilled lizards
  A gnoll skeleton (Crypt:2)
  13 goblins
  A hobgoblin skeleton (Crypt:1)
  A hobgoblin zombie (Crypt:1)
  A kobold simulacrum (Crypt:1)
  2 orc skeletons (Crypt:1)
  An orc zombie (Crypt:1)
  8 rats
  A butterfly (Zot:3)
  2 fungi (Lair:5)
  6 plants (Shoals:4)
2592 creatures vanquished.

Vanquished Creatures (collateral kills)
  An ancient lich (Vaults:5)
  A titan (Vaults:5)
  A tengu reaver (Vaults:5)
  A vault warden (Vaults:5)
  A deep elf elementalist (Vaults:5)
  A stone giant (Vaults:5)
  An ettin (Vaults:5)
  6 vault guards (Vaults:5)
  A two-headed ogre (D:9)
  An ice dragon (Vaults:5)
  An ogre mage (Vaults:5)
  A phantasmal warrior (Vaults:5)
  A deep elf mage (Vaults:5)
  A wolf spider (shapeshifter) (Vaults:5)
  2 yaktaurs (Vaults:5)
21 creatures vanquished.

Vanquished Creatures (others)
  A quicksilver dragon (Zot:1)
  2 vault wardens (Vaults:5)
  A frost giant (Vaults:5)
  A deep elf sorcerer (Vaults:5)
  A deep elf elementalist (Vaults:5)
  3 stone giants (Vaults:5)
  2 deep elf demonologists (Vaults:5)
  2 deep elf high priests
  2 yaktaur captains (Depths:5)
  7 vault guards (Vaults:5)
  3 centaur warriors
  15 dancing weapons
  A deep elf knight (Elf:3)
  An unseen horror (Vaults:1)
  A phantasmal warrior (Vaults:5)
  A deep elf mage (Vaults:5)
  2 moths of wrath (Zot:5)
  11 yaktaurs
  A merfolk (Shoals:4)
  2 chaos spawn
  A naga (Snake:4)
  An orc warrior (Elf:3)
  A centaur (Depths:1)
  2 leopard geckos
  3 fungi
  34 plants
  93 spectral weapons
  2 withered plants (Crypt:3)
197 creatures vanquished.

Grand Total: 2810 creatures vanquished

Notes
Turn   | Place    | Note
-------+----------+-------------------------------------------
     0 | D:1      | inmateoo the Vine Stalker Skald began the quest for the Orb.
     0 | D:1      | Reached XP level 1. HP: 11/11 MP: 4/4
   300 | D:1      | Reached XP level 2. HP: 13/15 MP: 4/6
   554 | D:1      | Reached XP level 3. HP: 18/18 MP: 7/7
   979 | D:2      | Gained mutation: Your natural rate of healing is unusually fast. [Vine Stalker growth]
   979 | D:2      | Reached XP level 4. HP: 11/23 MP: 8/8
  1428 | D:2      | Found a sacrificial altar of Ru.
  1639 | D:2      | Found a shimmering altar of Xom.
  1639 | D:2      | Found an opulent altar of Gozag.
  1851 | D:2      | Became a worshipper of Gozag Ym Sagoz the Greedy
  1869 | D:2      | Found an ancient bone altar of Kikubaaqudgha.
  1872 | D:2      | Found a glowing silver altar of Zin.
  1872 | D:2      | Found a hazy altar of Hepliaklqana.
  1874 | D:2      | Found a shattered altar of Ashenzari.
  1874 | D:2      | Found a bloodstained altar of Trog.
  2061 | D:2      | Reached XP level 5. HP: 14/26 MP: 9/9
  2314 | D:3      | Reached skill level 5 in Long Blades
  2714 | D:3      | You fall through a shaft for 2 floors!
  2714 | D:5      | Entered Level 5 of the Dungeon
  2716 | D:5      | Found a white marble altar of Elyvilon.
  2734 | D:5      | Reached XP level 6. HP: 26/32 MP: 10/10
  3168 | D:5      | Noticed Sigmund
  3185 | D:5      | Killed Sigmund
  3185 | D:5      | Reached XP level 7. HP: 23/37 MP: 11/11
  4002 | D:5      | Found an ornate altar of the Wu Jian Council.
  4142 | D:5      | Got a slimy trident
  4143 | D:5      | Identified the +8 trident "Xuimixea" {elec, rPois rN+ Str-4} (You found it on level 5 of the Dungeon)
  4381 | D:6      | Reached skill level 1 in Polearms
  4411 | D:6      | Gained mutation: You have razor-sharp teeth. [Vine Stalker growth]
  4411 | D:6      | Reached XP level 8. HP: 16/42 MP: 3/12
  4505 | D:6      | Reached XP level 9. HP: 45/45 MP: 13/13
  4616 | D:6      | Found Gosakej's Antique Weapon Shop.
  4735 | D:6      | Found a basalt altar of Yredelemnul.
  4972 | D:6      | Reached skill level 1 in Armour
  5065 | D:6      | Learned a level 3 spell: Regeneration
  5096 | D:7      | Noticed Pikel
  5122 | D:7      | Killed Pikel
  5122 | D:7      | Reached skill level 1 in Shields
  5144 | D:7      | Found Tyecoiby's Assorted Antiques.
  5153 | D:7      | Bought a scroll labeled XOUNYT WAYQ for 26 gold pieces
  5153 | D:7      | Bought a scroll of identify for 52 gold pieces
  5153 | D:7      | Bought a scroll of magic mapping for 91 gold pieces
  5153 | D:7      | Bought 2 metallic grey potions for 46 gold pieces
  5153 | D:7      | Bought a metallic grey potion for 23 gold pieces
  5153 | D:7      | Bought a fuming purple potion for 23 gold pieces
  5153 | D:7      | Bought a potion of haste for 260 gold pieces
  5300 | D:7      | You fall through a shaft for 3 floors!
  5300 | D:10     | Entered Level 10 of the Dungeon
  5535 | D:9      | Noticed Gastronok
  5719 | D:10     | Noticed Sonja
  5747 | D:10     | Killed Sonja
  5747 | D:10     | Reached XP level 10. HP: 32/51 MP: 11/14
  6145 | D:9      | Found a burning altar of Makhleb.
  6146 | D:9      | Found a radiant altar of Vehumet.
  6151 | D:9      | Reached skill level 5 in Fighting
  6377 | D:9      | Found a staircase to the Orcish Mines.
  6561 | D:9      | Noticed a two-headed ogre
  6569 | D:9      | HP: 2/51 [two-headed ogre/giant club (8)]
  6891 | D:9      | Killed a two-headed ogre
  7146 | D:8      | Found a staircase to the Lair.
  8201 | D:7      | Found a stormy altar of Qazlal.
  8639 | D:10     | Reached XP level 11. HP: 56/56 MP: 15/15
  9620 | D:11     | Noticed a two-headed ogre
  9632 | D:11     | Killed a two-headed ogre
  9894 | D:11     | Noticed a phantasmal warrior
  9918 | D:11     | Killed a phantasmal warrior
  9919 | D:11     | Noticed a death knight
  9919 | D:11     | Noticed a skeletal warrior
 10062 | D:11     | Noticed a cyclops
 10069 | D:11     | Killed a cyclops
 10166 | D:11     | Noticed a manticore
 10175 | D:11     | Noticed a phantasmal warrior
 10233 | D:11     | Killed a manticore
 10470 | D:11     | Learned a level 3 spell: Spectral Weapon
 10586 | D:11     | Noticed a skeletal warrior
 10587 | D:11     | Noticed a skeletal warrior
 10589 | D:11     | Noticed a skeletal warrior
 10590 | D:11     | Noticed a skeletal warrior
 10594 | D:11     | Noticed a skeletal warrior
 10770 | Orc:1    | Entered Level 1 of the Orcish Mines
 11168 | Orc:1    | Gained mutation: You heal very quickly. [Vine Stalker growth]
 11168 | Orc:1    | Reached XP level 12. HP: 62/62 MP: 16/16
 11504 | D:9      | Reached skill level 1 in Hexes
 11581 | Orc:1    | Reached skill level 5 in Shields
 11779 | Orc:2    | Entered Level 2 of the Orcish Mines
 11809 | Orc:2    | Found Piosar's General Store.
 11866 | Orc:2    | Bought a scroll of blinking for 105 gold pieces
 12125 | Orc:2    | Found a staircase to the Elven Halls.
 12223 | Orc:2    | Found a roughly hewn altar of Beogh.
 12480 | Orc:2    | Found a roughly hewn altar of Beogh.
 12605 | Orc:2    | Found a roughly hewn altar of Beogh.
 12632 | Orc:2    | Found Quxyd's Food Shop.
 12742 | Orc:2    | Reached skill level 5 in Armour
 12913 | Orc:2    | Noticed an orc warlord
 12913 | Orc:2    | Noticed an orc high priest
 12954 | Orc:2    | Killed an orc high priest
 13312 | Orc:2    | Found a roughly hewn altar of Beogh.
 13333 | Orc:2    | Found Veradug's Weapon Shoppe.
 13416 | Orc:2    | Found a roughly hewn altar of Beogh.
 13489 | Orc:2    | Found Tistrasche's Antique Armour Shoppe.
 13490 | Orc:2    | Found a roughly hewn altar of Beogh.
 13491 | Orc:2    | Found Xeycuq's Antique Weapon Emporium.
 13558 | Orc:2    | Bought the +2 pair of boots of the Cicada {Slay+3} for 579 gold pieces
 13591 | Orc:2    | Bought a runed helmet for 277 gold pieces
 13606 | Orc:2    | Bought a pair of brightly glowing boots for 351 gold pieces
 13617 | Orc:2    | Identified the +1 pair of boots of Complete Protection {rPois Int-5 Dex+4} (You bought it in a shop on level 2 of the Orcish Mines)
 13662 | D:9      | Killed Gastronok
 13734 | Lair:1   | Entered Level 1 of the Lair of Beasts
 14696 | Lair:2   | Reached XP level 13. HP: 60/67 MP: 20/20
 15083 | Lair:2   | Found a shattered altar of Ashenzari.
 15087 | Lair:2   | Reached skill level 5 in Charms
 15113 | Lair:2   | Found a staircase to the Shoals.
 16244 | Lair:3   | Learned a level 2 spell: Shroud of Golubria
 16247 | Lair:3   | Learned a level 2 spell: Song of Slaying
 16276 | Lair:4   | Found a frozen archway.
 16312 | IceCv    | Entered an ice cave
 16490 | Lair:4   | Reached skill level 5 in Spellcasting
 16586 | Lair:4   | Found a staircase to the Snake Pit.
 17736 | Lair:5   | Found a dark tunnel.
 17780 | Volcano  | Entered a volcano
 18426 | Lair:5   | Bought a scroll of identify for 36 gold pieces
 18487 | Lair:6   | Entered Level 6 of the Lair of Beasts
 18487 | Lair:6   | Noticed Snorg
 18494 | Lair:6   | Killed Snorg
 18494 | Lair:6   | Reached XP level 14. HP: 73/73 MP: 23/23
 18549 | Lair:6   | Reached skill level 5 in Hexes
 18594 | Lair:6   | Noticed a dire elephant
 18609 | Lair:6   | Killed a dire elephant
 19000 | Lair:6   | Found a viscous altar of Jiyva.
 19000 | Lair:6   | Found a staircase to the Slime Pits.
 19526 | Lair:5   | Bought a pitted chain mail for 304 gold pieces
 19526 | Lair:5   | Bought an ichor-stained scale mail for 288 gold pieces
 19538 | Lair:5   | Identified the +5 chain mail of Brilliance {rElec Str+4 SInv Stlth-} (You bought it in a shop on level 5 of the Lair of Beasts)
 19548 | Lair:5   | Identified the +1 scale mail of Tinoypac {rCorr MP+9} (You bought it in a shop on level 5 of the Lair of Beasts)
 19621 | Snake:1  | Entered Level 1 of the Snake Pit
 20140 | Snake:1  | Reached skill level 15 in Polearms
 20436 | Snake:1  | Reached XP level 15. HP: 66/78 MP: 24/26
 20965 | Snake:2  | Found a stormy altar of Qazlal.
 21999 | Snake:3  | Reached skill level 5 in Dodging
 22095 | Snake:3  | Found Guyjinn's Book Shop.
 22324 | Snake:3  | Found Tudy's Armour Shop.
 22357 | Snake:3  | Found Anuah's Food Shoppe.
 22379 | Snake:3  | Bought the +0 pair of fencer's gloves {+Riposte Dex+3} for 720 gold pieces
 22379 | Snake:3  | Found the +0 pair of fencer's gloves {+Riposte Dex+3}
 22821 | Snake:3  | Found Tudy's Antique Weapon Shoppe.
 22833 | Snake:3  | Found Pyheugax's Assorted Antiques.
 22852 | Snake:3  | Bought 2 scrolls of teleportation for 228 gold pieces
 23242 | Snake:4  | Entered Level 4 of the Snake Pit
 23269 | Snake:4  | Noticed a nagaraja
 23271 | Snake:4  | Reached XP level 16. HP: 84/84 MP: 25/28
 23297 | Snake:4  | Killed a nagaraja
 23334 | Snake:4  | Noticed a nagaraja
 23411 | Snake:4  | Killed a nagaraja
 24189 | Snake:4  | Noticed a nagaraja
 24332 | Snake:4  | Noticed a nagaraja
 24351 | Snake:4  | Killed a nagaraja
 24362 | Snake:4  | Noticed a nagaraja
 24410 | Snake:4  | Killed a nagaraja
 24453 | Snake:4  | Noticed a nagaraja
 24464 | Snake:4  | Killed a nagaraja
 24538 | Snake:4  | Killed a nagaraja
 24594 | Snake:4  | Reached skill level 10 in Fighting
 24594 | Snake:4  | Reached XP level 17. HP: 88/89 MP: 30/30
 24788 | Snake:4  | Got a serpentine rune of Zot
 25135 | Shoals:1 | Entered Level 1 of the Shoals
 25201 | Shoals:1 | Noticed Josephine
 25303 | Shoals:1 | Noticed Louise
 25322 | Shoals:1 | Killed Louise
 25729 | Shoals:1 | Noticed Kirke
 25744 | Shoals:1 | Killed Kirke
 27530 | Shoals:4 | Entered Level 4 of the Shoals
 27580 | Shoals:4 | Found Yfurydgh's Magic Scroll Boutique.
 27749 | Shoals:4 | Reached XP level 18. HP: 95/95 MP: 32/32
 27771 | Shoals:4 | Noticed Ilsuiw
 27810 | Shoals:4 | Killed Ilsuiw
 28480 | Shoals:3 | Learned a level 1 spell: Apportation
 28618 | Shoals:3 | Reached skill level 10 in Charms
 28732 | Shoals:4 | Reached skill level 10 in Shields
 28777 | Shoals:4 | Got a barnacled rune of Zot
 29966 | D:12     | Found Xefuergh's Assorted Antiques.
 30185 | D:13     | Found a gate to the Vaults.
 30434 | D:13     | Reached skill level 10 in Spellcasting
 30584 | D:13     | You fall through a shaft!
 30697 | D:13     | Found Nimocwa's Magic Scroll Shop.
 31397 | D:14     | Noticed Frances
 31419 | D:14     | Killed Frances
 31836 | D:15     | Entered Level 15 of the Dungeon
 32178 | D:15     | Reached XP level 19. HP: 100/100 MP: 34/34
 32249 | D:15     | Found a huge runed gate.
 32249 | D:15     | Found a huge runed gate.
 32249 | D:15     | Found a huge runed gate.
 32254 | D:15     | Found a huge runed gate.
 32254 | D:15     | Found a huge runed gate.
 32254 | D:15     | Found a huge runed gate.
 32254 | D:15     | Found a huge runed gate.
 32254 | D:15     | Found a huge runed gate.
 32254 | D:15     | Found a huge runed gate.
 32291 | D:15     | Noticed Nessos
 32298 | D:15     | Killed Nessos
 32458 | D:15     | Found a staircase to the Depths.
 32703 | D:15     | Reached skill level 10 in Hexes
 32768 | D:15     | Found a huge runed gate.
 32768 | D:15     | Found a huge runed gate.
 32769 | D:15     | Found a huge runed gate.
 32770 | D:15     | Found a huge runed gate.
 32770 | D:15     | Found a huge runed gate.
 32776 | D:15     | Found a huge runed gate.
 32776 | D:15     | Found a huge runed gate.
 32776 | D:15     | Found a huge runed gate.
 32776 | D:15     | Found a huge runed gate.
 32776 | D:15     | Found a huge runed gate.
 32776 | D:15     | Found a huge runed gate.
 32801 | D:15     | Found a huge runed gate.
 32802 | D:15     | Found a huge runed gate.
 32803 | D:15     | Found a huge runed gate.
 32846 | D:15     | Found a huge runed gate.
 32846 | D:15     | Found a huge runed gate.
 32848 | D:15     | Found a huge runed gate.
 33435 | D:15     | Bought the ring "Ziynumoch" {rF+ EV+2} for 504 gold pieces
 33455 | Vaults:1 | Entered Level 1 of the Vaults
 33525 | Vaults:1 | Found Exze's Weapon Emporium.
 34188 | Vaults:1 | Noticed Asterion
 34215 | Vaults:1 | Killed Asterion
 34215 | Vaults:1 | Reached skill level 10 in Armour
 34215 | Vaults:1 | Reached skill level 1 in Necromancy
 35134 | Vaults:2 | Reached XP level 20. HP: 97/105 MP: 26/35
 36049 | Vaults:2 | Found Osous's Jewellery Shop.
 36057 | Vaults:2 | Bought an uncursed ring of protection from magic for 350 gold pieces
 36823 | Vaults:3 | Found a staircase to the Crypt.
 36823 | Vaults:3 | Found a basalt altar of Yredelemnul.
 36824 | Vaults:3 | Found an ancient bone altar of Kikubaaqudgha.
 37488 | Vaults:4 | Found Yffewnih's Antique Weapon Boutique.
 37728 | Vaults:4 | Reached XP level 21. HP: 111/111 MP: 37/37
 37824 | Vaults:4 | Reached skill level 5 in Necromancy
 38169 | Vaults:4 | Found Mustira's Magic Scroll Boutique.
 38366 | Vaults:4 | Identified a scroll of acquirement
 38367 | Vaults:4 | Found the +2 cloak of the Thief {+Fog Slay-2 SInv Stlth+}
 38549 | Vaults:5 | Entered Level 5 of the Vaults
 38562 | Vaults:4 | Bought the amulet of the Four Winds {rN+ MR+++ Clar} for 482 gold pieces
 38562 | Vaults:4 | Found the amulet of the Four Winds {rN+ MR+++ Clar}
 38913 | Lair:5   | Bought the +2 pair of boots of the Assassin {Detection Stab+ Stlth++} for 1920 gold pieces
 38913 | Lair:5   | Found the +2 pair of boots of the Assassin {Detection Stab+ Stlth++}
 39113 | Elf:1    | Entered Level 1 of the Elven Halls
 39126 | Elf:1    | Reached skill level 1 in Stealth
 39331 | Elf:1    | Found a ruined gateway.
 39344 | Elf:1    | Reached skill level 2 in Stealth
 39372 | Desolati | Entered the Desolation of Salt
 39399 | Desolati | Reached skill level 3 in Stealth
 39535 | Desolati | Reached skill level 4 in Stealth
 39582 | Desolati | Identified Qiame's Tome of Lucky Execration
 39591 | Desolati | Learned a level 6 spell: Invisibility
 39593 | Desolati | Got a sparkling wooden ring
 39594 | Desolati | Identified the ring "Tooruy" {+Inv MR+ Dex+3 SInv} (You found it in the Desolation of Salt)
 39691 | Desolati | Reached skill level 5 in Stealth
 39702 | Desolati | Reached skill level 1 in Evocations
 39797 | Desolati | Reached XP level 22. HP: 108/116 MP: 38/38
 39798 | Desolati | Reached skill level 6 in Stealth
 39981 | Desolati | Found the +9 sword of Zonguldrok {reap}
 40055 | Desolati | Got a steaming glass ring
 40056 | Desolati | Identified the ring "Quynniag" {MR+ MP+9 Dex+3} (You found it in the Desolation of Salt)
 40135 | Desolati | Identified the cursed +0 plate armour "Ketel" {Str+4 Dex-5} (You found it in the Desolation of Salt)
 40138 | Desolati | Got a faintly glowing wooden ring
 40139 | Desolati | Identified the ring "Noll" {+Blink rF+ MP+9 Int+4} (You found it in the Desolation of Salt)
 40141 | Desolati | Identified the Volume of the Entourage
 40151 | Desolati | Identified Vusekh's Collected Works on Shifting Enchantment
 40156 | Desolati | Learned a level 2 spell: Passwall
 40276 | Elf:1    | Reached skill level 7 in Stealth
 40672 | Elf:1    | Reached skill level 8 in Stealth
 40678 | Elf:1    | Identified the Collected Works on Unholy Rituals
 41204 | Elf:2    | Reached skill level 5 in Evocations
 41239 | Elf:2    | Reached skill level 9 in Stealth
 41351 | Elf:2    | Found a runed gate.
 41358 | Elf:2    | Found a runed gate.
 41358 | Elf:2    | Found a runed gate.
 41397 | Elf:3    | Entered Level 3 of the Elven Halls
 41568 | Elf:3    | Noticed Mara
 41581 | Elf:3    | Noticed inmateoo's illusion
 42446 | D:15     | Bought the ring "Teerrunn" {Wiz rC+ Dex+5} for 1144 gold pieces
 42521 | Crypt:1  | Entered Level 1 of the Crypt
 42579 | Crypt:1  | Reached skill level 10 in Stealth
 42699 | Crypt:1  | Found an ancient bone altar of Kikubaaqudgha.
 43071 | Crypt:1  | Reached skill level 10 in Necromancy
 43593 | Crypt:2  | Noticed Jory
 44024 | Crypt:2  | Reached skill level 11 in Stealth
 44167 | Crypt:2  | Reached XP level 23. HP: 48/121 MP: 39/39
 44705 | Crypt:3  | Entered Level 3 of the Crypt
 44782 | Crypt:3  | Reached skill level 12 in Stealth
 45043 | Crypt:3  | Found a staircase to the Tomb.
 45571 | Crypt:3  | Found an ancient bone altar of Kikubaaqudgha.
 46024 | Crypt:3  | Reached skill level 13 in Stealth
 46510 | Crypt:2  | Killed Jory
 46510 | Crypt:2  | Reached skill level 10 in Dodging
 46997 | Elf:3    | Noticed inmateoo's illusion
 47012 | Elf:3    | Killed Mara
 47193 | Elf:3    | Reached XP level 24. HP: 116/126 MP: 39/39
 47382 | Elf:3    | Noticed Nikola
 47437 | Elf:3    | Killed Nikola
 47514 | Elf:3    | Reached skill level 14 in Stealth
 47782 | Elf:3    | Identified the Grimoire of the Mutagenic Blaze
 48295 | Depths:1 | Entered Level 1 of the Depths
 48714 | Depths:1 | Reached skill level 10 in Evocations
 48808 | Depths:1 | Found Juit's Gadget Boutique.
 49068 | Depths:1 | Found a gateway to Hell.
 49146 | Depths:2 | Found a one-way gate leading to the halls of Pandemonium.
 49311 | Depths:2 | Noticed a caustic shrike
 49328 | Depths:2 | Killed a caustic shrike
 49414 | Depths:2 | Reached skill level 15 in Stealth
 49705 | Depths:2 | Found Pagh's Jewellery Shoppe.
 49914 | Depths:2 | Found Dube's Gadget Emporium.
 49915 | Depths:2 | Found Gazakecomp's Jewellery Boutique.
 49915 | Depths:2 | Found Oblis's Jewellery Boutique.
 50201 | Depths:2 | Found a sparkling altar of Nemelex Xobeh.
 50248 | Depths:2 | Reached XP level 25. HP: 110/131 MP: 36/39
 50618 | Depths:3 | Found a one-way gate to the infinite horrors of the Abyss.
 50860 | Depths:3 | Learned a level 4 spell: Passage of Golubria
 50863 | Depths:3 | Learned a level 2 spell: Blink
 50868 | Depths:3 | Learned a level 2 spell: Swiftness
 51018 | Depths:3 | Reached skill level 16 in Stealth
 51597 | Depths:3 | Paralysed by you for 5 turns
 51909 | Depths:3 | Identified the Almanac of the Traveller and Good Luck
 52360 | Depths:3 | Reached skill level 17 in Stealth
 52915 | Depths:4 | Found Letunu's Serpentskin Sales.
 53321 | Depths:4 | Found a gateway to a ziggurat.
 53454 | Depths:5 | Entered Level 5 of the Depths
 53721 | Depths:5 | Reached XP level 26. HP: 93/138 MP: 37/39
 53781 | Depths:5 | Found a shadowy altar of Dithmenos.
 53782 | Depths:5 | Found a glowing silver altar of Zin.
 53782 | Depths:5 | Found a hazy altar of Hepliaklqana.
 53871 | Depths:5 | Paralysed by a floating eye for 4 turns
 53907 | Depths:5 | Reached skill level 18 in Stealth
 53931 | Depths:5 | Found a gate to the Realm of Zot.
 54503 | Depths:5 | Reached skill level 19 in Stealth
 54672 | Depths:5 | Noticed a juggernaut
 54693 | Depths:5 | Killed a juggernaut
 54993 | Depths:5 | Reached skill level 15 in Fighting
 55606 | Vaults:5 | Reached XP level 27. HP: 119/144 MP: 32/39
 55612 | Vaults:5 | Reached skill level 20 in Stealth
 55793 | Vaults:5 | Noticed an ancient lich
 55795 | Vaults:5 | Killed an ancient lich
 55800 | Vaults:5 | Got a silver rune of Zot
 55892 | Vaults:5 | Found Exoeleen's Food Shoppe.
 55907 | Vaults:5 | Found Meushroh's Distillery.
 55944 | Vaults:5 | Found Piul's Distillery.
 56031 | Vaults:5 | Bought a potion of might for 56 gold pieces
 56031 | Vaults:5 | Bought a potion of haste for 140 gold pieces
 56031 | Vaults:5 | Bought a potion of haste for 140 gold pieces
 56031 | Vaults:5 | Bought a potion of agility for 56 gold pieces
 56031 | Vaults:5 | Bought a potion of agility for 56 gold pieces
 56031 | Vaults:5 | Bought a potion of curing for 42 gold pieces
 56031 | Vaults:5 | Bought a potion of curing for 42 gold pieces
 56031 | Vaults:5 | Bought a potion of haste for 140 gold pieces
 56064 | Vaults:5 | Bought 2 potions of might for 136 gold pieces
 56064 | Vaults:5 | Bought a potion of berserk rage for 85 gold pieces
 56064 | Vaults:5 | Bought a potion of might for 68 gold pieces
 56064 | Vaults:5 | Bought a potion of resistance for 170 gold pieces
 56173 | Vaults:5 | Found Eco Dyur's Distillery.
 56241 | Vaults:5 | Bought a potion of might for 44 gold pieces
 56241 | Vaults:5 | Bought a potion of invisibility for 88 gold pieces
 56292 | Vaults:5 | Found the +0 mask of the Dragon {MR+ Slay+3 SInv}
 56483 | Vaults:5 | Identified Byqalarph's Tome of Creative Boosts
 56497 | Vaults:5 | Got a smoking tin ring
 56498 | Vaults:5 | Identified the ring of the First Orbs {rCorr Dex+5} (You found it on level 5 of the Vaults)
 56536 | Vaults:5 | Reached skill level 21 in Stealth
 56665 | Vaults:5 | Identified the Almanac of the Arsonist
 56668 | Vaults:5 | Identified Sif Muna's Reference Book on Creative Conjuration
 56792 | Vaults:5 | Noticed Jorgrun
 56802 | Vaults:5 | Killed Jorgrun
 56936 | Vaults:5 | Identified Sif Muna's Almanac of the Ashen Voyage
 56945 | Vaults:5 | Learned a level 6 spell: Statue Form
 57565 | Zot:1    | Entered Level 1 of the Realm of Zot
 57955 | Zot:1    | Reached skill level 22 in Stealth
 58743 | Zot:2    | Noticed an orb of fire
 59598 | Zot:2    | Gained mutation: You are clumsy. (Dex -2) [an orb of fire]
 59607 | Zot:2    | Lost mutation: You are clumsy. (Dex -2) [an orb of fire]
 59609 | Zot:2    | Killed an orb of fire
 59890 | Zot:3    | Reached skill level 23 in Stealth
 60307 | Zot:3    | Found a shimmering altar of Xom.
 61056 | Zot:4    | Noticed an orb of fire
 61084 | Zot:4    | Killed an orb of fire
 61654 | Zot:5    | Entered Level 5 of the Realm of Zot
 62126 | Zot:5    | Reached skill level 24 in Stealth
 62146 | Zot:5    | Noticed an ancient lich
 62167 | Zot:5    | Killed an ancient lich
 62356 | Zot:5    | Noticed an orb of fire
 62374 | Zot:5    | Killed an orb of fire
 62720 | Zot:5    | Noticed an ancient lich
 62735 | Zot:5    | Killed an ancient lich
 62951 | Zot:5    | Got the Orb of Zot
 62982 | Zot:5    | Noticed Woyvumn the pandemonium lord
 62997 | Zot:5    | Noticed a seraph
 63173 | Zot:2    | Gained mutation: You are weak. (Str -2) [a cacodemon]
 63287 | Depths:5 | Noticed Zer Veqa the pandemonium lord
 63493 | D:9      | Reached skill level 25 in Stealth
 63637 | D:5      | Noticed Xaloamp the pandemonium lord
 63673 | D:4      | Noticed Ajichil the pandemonium lord
 63688 | D:4      | Found a bloodstained altar of Trog.
 63799 | D:$      | Escaped with the Orb!

Skill      XL: |  1  2  3  4  5  6  7  8  9 10 11 12 13 14 15 16 17 18 19 20 21 22 23 24 25 26 27 |
---------------+----------------------------------------------------------------------------------+-----
Long Blades    | 2 3 4 5 6 |  6.9
Fighting       | 2 3 4 5 6 7 8 9 10 11 12 13 14 15 17 | 17.2
Polearms       | 2 11 12 13 14 15 16 17 18 19 20 21 24 | 24.2
Armour         | 2 3 4 5 6 7 8 9 10 11 12 | 12.6
Shields        | 2 3 4 5 6 7 8 9 10 11 13 | 13.6
Hexes          | 3 4 5 7 8 9 10 | 10.2
Spellcasting   | 4 5 6 7 8 9 10 11 | 11.9
Charms         | 4 5 7 8 9 10 11 12 | 12.1
Dodging        | 3 4 5 6 7 8 9 10 11 12 14 | 14.8
Necromancy     | 2 4 7 10 11 | 11.3
Stealth        | 5 11 13 15 17 19 25 | 25.0
Evocations     | 2 7 9 10 | 10.3

Action                   |  1- 3 |  4- 6 |  7- 9 | 10-12 | 13-15 | 16-18 | 19-21 | 22-24 | 25-27 || total
-------------------------+-------+-------+-------+-------+-------+-------+-------+-------+-------++-------
Melee: Falchion          |    87 |   219 |    69 |       |       |       |       |       |       ||   375
       Bite              |    29 |    64 |    26 |   170 |   293 |   487 |   554 |   902 |  1200 ||  3725
       Trident           |       |       |   112 |   857 |  1198 |  2000 |  1538 |  2110 |  2403 || 10218
 Cast: Spectral Weapon   |       |       |       |       |       |     5 |    50 |    88 |   145 ||   288
       Regeneration      |       |       |       |       |       |       |       |     9 |    24 ||    33
       Swiftness         |       |       |       |       |       |       |       |       |     1 ||     1
       Shroud of Golubri |       |       |       |       |       |       |       |       |     1 ||     1
       Song of Slaying   |       |       |       |       |       |       |       |       |     1 ||     1
Invok: Call Merchant     |       |       |       |     2 |     2 |     1 |     4 |       |     3 ||    12
       Bribe Branch      |       |       |       |       |       |       |       |       |     1 ||     1
 Abil: Evoke Invisibilit |       |       |       |       |       |       |       |       |    10 ||    10
Evoke: Wand              |       |       |       |    16 |     2 |       |       |       |     4 ||    22
       Phial of floods   |       |       |       |     2 |       |       |       |     1 |     1 ||     4
  Use: Potion            |       |       |     5 |     1 |       |     1 |       |       |    13 ||    20
       Scroll            |       |       |    15 |    11 |    12 |     7 |     7 |    13 |    18 ||    83
 Stab: Distracted        |       |       |     1 |     3 |    13 |     9 |    32 |    52 |    82 ||   192
       Invisible         |       |       |       |       |       |     8 |       |       |    36 ||    44
       Sleeping          |       |       |       |       |       |       |     4 |    51 |    63 ||   118
  Eat: Chunk             |       |     3 |       |       |       |       |       |       |       ||     3
       Ration            |       |     1 |     3 |     9 |     8 |     9 |     8 |    12 |    16 ||    66
Armor: Leather armour    |     7 |       |       |       |       |       |       |       |       ||     7
       Chain mail        |    48 |     4 |    30 |   192 |   271 |   582 |   255 |   336 |   401 ||  2119
       Ring mail         |       |    41 |    28 |       |       |       |       |       |       ||    69
       Plate armour      |       |       |       |       |   136 |       |       |       |       ||   136
Dodge: Dodged            |    29 |    62 |    41 |    48 |    69 |   255 |   199 |   368 |   588 ||  1659
Block: Shield            |    10 |    70 |    46 |   187 |       |       |       |       |       ||   313
       Large shield      |       |       |       |    11 |   586 |   967 |   657 |  1042 |  1197 ||  4460
       Reflection        |       |       |       |       |       |       |       |    57 |    72 ||   129
       Rpst.: Falchion   |     7 |    19 |     6 |       |       |       |       |       |       ||    32
       Trident           |       |       |       |       |     2 |    25 |    31 |    79 |    87 ||   224
